[Event "ICCopen2017"]
[Site "Internet Chess Club"]
[Date "2017.04.02"]
[Round "2"]
[White "adypady"]
[Black "kaimann"]
[Result "1-0"]
[ICCResult "Black forfeits on time"]
[WhiteElo "2460"]
[BlackElo "1910"]
[Opening "Réti opening"]
[ECO "A04"]
[NIC "QP.11"]
[Time "19:16:37"]
[TimeControl "180+0"]

1. Nf3 d6 2. g3 Bg4 3. Bg2 Nf6 4. d4 c6 5. c4 e6 6. Nbd2 Nbd7 7. e4 Be7 8.
O-O O-O 9. Re1 e5 10. h3 Bh5 11. b3 Qc7 12. Bb2 Rfe8 13. Qc2 Bf8 14. Nh2 c5
15. d5 Bg6 16. Ndf1 a6 17. f4 h6 18. f5 Bh7 19. h4 h5 20. Qe2 g6 21. Ne3 Bh6
22. Rf1 Rf8 23. g4 Bxe3+ 24. Qxe3 Nxg4 25. Nxg4 hxg4 26. f6 Kh8 27. Qg5 Qd8
28. Kh2 Rg8 29. Bh1 b5 30. Bc3 b4 31. Bd2 a5 32. a3 bxa3 33. Rxa3 a4 34.
bxa4 Nb6 35. Rc1 Rxa4 36. Rxa4 Nxa4 37. Qxg4 Qc8 38. Qxc8 Rxc8 39. Rb1 Rd8
40. Bf3 g5 41. hxg5 Bg6 42. Kg3 Kg8 43. Kf2 Kf8 44. Rb7 Ke8 45. Bd1 Ra8 46.
Rb3 Kd7 47. Ra3 Nb6 48. Rxa8 Nxa8 49. Bg4+ Kc7 50. Bf5 Bxf5 51. exf5 Kd7 52.
g6 fxg6 53. fxg6 Ke8 54. f7+ Kf8 55. Bh6+ Ke7 56. f8=Q+ {Black forfeits on
time} 1-0

[Event "ICCopen2017"]
[Site "Internet Chess Club"]
[Date "2017.04.02"]
[Round "2"]
[White "RobertoJBM"]
[Black "MATEPROOF"]
[Result "1-0"]
[ICCResult "Black forfeits on time"]
[WhiteElo "2631"]
[BlackElo "1993"]
[Opening "Robatsch (modern) defense"]
[ECO "A40"]
[NIC "KF.05"]
[Time "19:16:26"]
[TimeControl "180+0"]

1. d4 g6 2. e4 Bg7 3. Nc3 d6 4. Bg5 h6 5. Be3 Nf6 6. f3 c6 7. Qd2 b5 8. a4
b4 9. Nd1 a5 10. Bd3 Nbd7 11. Ne2 Qc7 12. O-O c5 13. Bb5 Ba6 14. Bxa6 Rxa6
15. c3 h5 16. Nf2 O-O 17. Rfc1 Qb7 18. c4 cxd4 19. Nxd4 Nc5 20. Nd3 Nxd3 21.
Qxd3 Nd7 22. b3 Nc5 23. Qd1 Raa8 24. Rab1 Rac8 25. Nb5 Rfd8 26. Qe2 Qc6 27.
Rd1 Qb7 28. Rd2 Kh7 29. Qd1 Bh6 30. Bxh6 Kxh6 31. Qc2 Kg7 32. Rbd1 f6 33.
Rd5 h4 34. h3 Rh8 35. R5d2 Rh5 36. Nd4 Rch8 37. Rf2 Rg5 38. Kh1 Qd7 39. Ne2
Re5 40. Nf4 Rg5 41. Nd3 Nxd3 42. Rxd3 Qe6 43. Qb2 Rg3 44. Kh2 Rh5 45. Rd5
Rxd5 46. cxd5 Qc8 47. Rc2 Qa6 48. Rc4 Qb6 49. Qd2 {Black forfeits on time}
1-0

[Event "ICCopen2017"]
[Site "Internet Chess Club"]
[Date "2017.04.02"]
[Round "2"]
[White "Unico"]
[Black "xvs"]
[Result "1-0"]
[ICCResult "Black checkmated"]
[WhiteElo "2411"]
[BlackElo "1891"]
[Opening "English opening"]
[ECO "A25"]
[NIC "EO.20"]
[Time "19:16:35"]
[TimeControl "180+0"]

1. c4 e5 2. g3 Nc6 3. Nc3 Nf6 4. Bg2 Bb4 5. Nd5 O-O 6. Nxb4 Nxb4 7. a3 Nc6
8. d3 d6 9. Nf3 h6 10. O-O e4 11. dxe4 Nxe4 12. Nd4 Nxd4 13. Qxd4 Nf6 14.
Rd1 Re8 15. Bf3 Qe7 16. b4 Qe5 17. Qxe5 Rxe5 18. Bb2 Re6 19. c5 dxc5 20.
Rd8+ Re8 21. Bxf6 Rxd8 22. Bxd8 Be6 23. Bxc7 cxb4 24. axb4 Rc8 25. Bf4 Rc2
26. Rxa7 g5 27. Be3 Bh3 28. Bg2 Be6 29. Rxb7 Rxe2 30. Bf3 Rb2 31. Kg2 g4 32.
Be4 f5 33. Bc6 Rc2 34. b5 Rb2 35. Bxh6 Bc4 36. Rg7+ Kh8 37. h3 Rb1 38. hxg4
Bf1+ 39. Kh2 fxg4 40. Rxg4 Bxb5 41. Bg7+ Kg8 42. Bd5+ Kh7 43. Be4+ Kg8 44.
Bxb1 Kf7 45. Ba2+ Ke7 46. Be5 Bd7 47. Rg7+ Kd8 48. Bd6 Be8 49. Be6 Bc6 50.
Bc7+ Ke8 51. f4 Be4 52. f5 Bf3 53. f6 Bh5 54. Rg8# {Black checkmated} 1-0

[Event "ICCopen2017"]
[Site "Internet Chess Club"]
[Date "2017.04.02"]
[Round "2"]
[White "Unbeliever"]
[Black "MichailovM"]
[Result "1-0"]
[ICCResult "Black resigns"]
[WhiteElo "1783"]
[BlackElo "2183"]
[Opening "Sicilian: dragon, Yugoslav attack, 10.O-O-O"]
[ECO "B78"]
[NIC "SI.18"]
[Time "19:16:43"]
[TimeControl "180+0"]

1. e4 c5 2. Nf3 d6 3. d4 cxd4 4. Nxd4 Nf6 5. Nc3 g6 6. Be3 Bg7 7. f3 O-O 8.
Qd2 Nc6 9. Bc4 Bd7 10. O-O-O Rc8 11. Bb3 Ne5 12. h4 h5 13. Bg5 Rc5 14. f4
Nc6 15. Nxc6 bxc6 16. e5 Rxc3 17. bxc3 Ne4 18. Qe1 d5 19. c4 Be6 20. Qxe4
dxe4 21. Rxd8 Rxd8 22. Bxe7 Rd7 23. Bc5 Bg4 24. Re1 Bf5 25. Ba4 Bh6 26. g3
Bg7 27. Bd6 Bf8 28. Bxc6 Rd8 29. Bxf8 Kxf8 30. Bxe4 Be6 31. Bd5 Ke7 32. Rd1
Rc8 33. Kb2 Rb8+ 34. Kc3 Rb6 35. a4 Ra6 36. Kb4 Rb6+ 37. Kc5 Ra6 38. Bxe6
fxe6 39. Rb1 Rxa4 40. Rb7+ Kf8 41. Rb4 Ra2 42. Kd6 Rxc2 43. Kxe6 a5 44. Rb7
Rxc4 45. Kf6 Ke8 46. e6 Rc6 47. Rb8+ {Black resigns} 1-0

[Event "ICCopen2017"]
[Site "Internet Chess Club"]
[Date "2017.04.02"]
[Round "2"]
[White "shally"]
[Black "Radja"]
[Result "0-1"]
[ICCResult "White forfeits on time"]
[WhiteElo "1860"]
[BlackElo "2414"]
[Opening "Nimzovich-Larsen attack: classical variation"]
[ECO "A01"]
[NIC "VO.08"]
[Time "19:16:15"]
[TimeControl "180+0"]

1. b3 d5 2. Bb2 Bg4 3. h3 Bh5 4. g4 Bg6 5. Bg2 c6 6. d3 Nd7 7. e3 e5 8. Qe2
f6 9. f4 h5 10. Nf3 e4 11. Nh4 Bh7 12. f5 exd3 13. cxd3 Bb4+ 14. Nd2 Ne7 15.
O-O-O Qa5 16. Kb1 O-O-O 17. Nhf3 Rhe8 18. e4 Kb8 19. e5 fxe5 20. Nxe5 Nxe5
21. Bxe5+ Ka8 22. Nf3 Bc3 23. Bxc3 Qxc3 24. Rhe1 Qf6 25. Qe5 a6 26. d4 Nxf5
27. Qxf6 Ne3+ 28. Kb2 gxf6 29. Rd2 hxg4 30. hxg4 Nxg4 31. Rde2 Re4 32. Nh4
Rxd4 33. Re7 Be4 34. Bh3 f5 35. Ng6 Rd2+ 36. Ka3 Rh2 37. Bxg4 fxg4 38. Ne5
g3 39. Rg7 g2 40. Nd7 Rxd7 41. Rxd7 Rh1 42. Rd8+ Ka7 43. Rg8 Rxe1 44. Kb4
g1=Q 45. Rxg1 Rxg1 46. a4 b6 47. Kc3 a5 {White forfeits on time} 0-1

[Event "ICCopen2017"]
[Site "Internet Chess Club"]
[Date "2017.04.02"]
[Round "2"]
[White "markovichgoran"]
[Black "Chaos23"]
[Result "1-0"]
[ICCResult "Black checkmated"]
[WhiteElo "2375"]
[BlackElo "1858"]
[Opening "Robatsch defense"]
[ECO "B06"]
[NIC "KF.06"]
[Time "19:15:43"]
[TimeControl "180+0"]

1. e4 g6 2. Nc3 Bg7 3. d4 a6 4. Bf4 b5 5. Qd2 Bb7 6. O-O-O d6 7. a3 Nd7 8.
h4 Ngf6 9. f3 e5 10. dxe5 dxe5 11. Bh6 Bxh6 12. Qxh6 Qe7 13. g4 c6 14. h5 a5
15. hxg6 fxg6 16. Bxb5 cxb5 17. Nxb5 Bc6 18. Nc7+ Kf7 19. Nxa8 Rxa8 20. g5
Nh5 21. Rxh5 gxh5 22. Qxh7+ Ke8 23. Qg6+ Kf8 24. Qxc6 Qxg5+ 25. Kb1 Ra7 26.
Nh3 Qe3 27. Qd6+ Ke8 28. Qe6+ Kd8 29. Qg8+ Kc7 30. Ng5 Nc5 31. Ne6+ Nxe6 32.
Qxe6 Rb7 33. Rd7+ Kb8 34. Rd8+ Ka7 35. Rd6 Qe2 36. Rc6 Qb5 37. b3 h4 38. a4
Qf1+ 39. Kb2 h3 40. Qxe5 Qf2 41. Qxa5+ Kb8 42. Qe5+ Ka7 43. Qd6 h2 44. Ra6#
{Black checkmated}
1-0

[Event "ICCopen2017"]
[Site "Internet Chess Club"]
[Date "2017.04.02"]
[Round "2"]
[White "Kheshig"]
[Black "tenho"]
[Result "1-0"]
[ICCResult "Black forfeits on time"]
[WhiteElo "2612"]
[BlackElo "1986"]
[Opening "Sicilian: Hungarian variation"]
[ECO "B27"]
[NIC "SI.43"]
[Time "19:16:07"]
[TimeControl "180+0"]

1. e4 c5 2. Nf3 g6 3. d4 Bg7 4. Nc3 Qa5 5. Bd2 cxd4 6. Nd5 Qd8 7. c3 e6 8.
Nf4 dxc3 9. bxc3 Nc6 10. Bd3 Nge7 11. O-O O-O 12. c4 d5 13. exd5 exd5 14.
Rb1 dxc4 15. Bxc4 b6 16. Re1 Bf5 17. Rc1 Rc8 18. h3 Rc7 19. Qa4 Rd7 20. Be3
Nd4 21. Bxd4 Bxd4 22. Rcd1 Bc5 23. Ne5 Rd4 24. Ne2 Rxd1 25. Rxd1 Qc8 26. Nd7
Bxd7 27. Rxd7 a5 28. Ng3 Rd8 29. Ne4 Rxd7 30. Nf6+ Kg7 31. Nxd7 Qc6 32. Bb5
Qd6 33. Qc2 Qd4 34. Nxc5 bxc5 35. a4 Nd5 36. g3 Nb4 37. Qe2 Nd5 38. Qe1 Nc3
39. Bc6 Nxa4 40. Qxa5 Nc3 41. Kg2 Nd1 42. Qe1 c4 43. Bf3 Nb2 44. h4 c3 45.
h5 gxh5 46. Qc1 Qe5 47. Qc2 Nc4 48. Qd3 {Black forfeits on time} 1-0

[Event "ICCopen2017"]
[Site "Internet Chess Club"]
[Date "2017.04.02"]
[Round "2"]
[White "saya"]
[Black "Kiketf"]
[Result "1-0"]
[ICCResult "Black forfeits on time"]
[WhiteElo "2795"]
[BlackElo "2125"]
[Opening "Queen's pawn: London system"]
[ECO "A45"]
[NIC "QP.07"]
[Time "19:15:39"]
[TimeControl "180+0"]

1. d4 Nf6 2. Bf4 e6 3. e3 c5 4. c3 b6 5. Nd2 Bb7 6. Ngf3 d6 7. Bd3 Be7 8.
O-O O-O 9. h3 Nbd7 10. Bh2 a6 11. Re1 Qc7 12. Rc1 Rac8 13. a3 b5 14. b4 Qb6
15. Bb1 c4 16. e4 Rfe8 17. Qc2 Nf8 18. e5 dxe5 19. Nxe5 Rcd8 20. Nf1 N6d7
21. Ng4 Nf6 22. Ne5 N6d7 23. Ng4 Qc6 24. Nfe3 Nf6 25. Ne5 Qc8 26. Bg3 Be4
27. Qb2 Bxb1 28. Qxb1 Qb7 29. Bh4 Ng6 30. Bxf6 Bxf6 31. Nxg6 hxg6 32. Ng4
Bg5 33. Rcd1 Rd5 34. Qc2 Bf4 35. Qe2 Qd7 36. Qf3 Bc7 37. Ne3 Rd6 38. Ng4 Rd5
39. Ne3 Rd6 40. g3 Rb6 41. Kg2 Rbb8 42. d5 e5 43. Ng4 Bd6 44. h4 Qf5 45. Qe2
Rb7 46. Ne3 Qf6 47. h5 gxh5 48. Qxh5 g6 49. Qe2 Kg7 50. Rh1 Rh8 51. Rxh8
Kxh8 52. Rh1+ Kg7 53. Ng4 Qg5 54. Nh2 e4 55. Qxe4 Re7 56. Qd4+ Be5 57. Qd1
Bxc3 58. Nf3 Qf6 59. Qc1 Kf8 60. d6 Re6 61. Qh6+ Ke8 62. Ng5 Re2 63. Rf1 Kd7
64. Qh3+ Kxd6 65. Qg4 Re5 66. Ne4+ Rxe4 67. Qxe4 Qe5 68. Rd1+ Ke7 69. Qb7+
Kf8 70. Qf3 Kg7 71. Rd7 Qf6 72. Qxf6+ Bxf6 73. Rc7 Be5 74. Rc6 c3 75. f4 Bd4
76. Kf3 f6 77. Ke4 Bf2 78. Rxc3 f5+ 79. Kd5 Be1 80. Re3 Bd2 81. Rd3 Bc1 82.
Kc6 Kf6 83. Kb6 g5 84. fxg5+ Kxg5 85. Kxa6 Kg4 86. Kxb5 Bb2 87. a4 Be5 88.
a5 Bxg3 89. a6 Bb8 90. Kc6 f4 91. Kb7 Be5 92. b5 Kf5 93. b6 Ke4 94. Rd1 f3
95. Re1+ Kf4 96. Rf1 Ke3 97. a7 Ke2 98. Rxf3 Kxf3 99. a8=Q Bf4 100. Kc6 Kg3
101. Kd5 Kg4 102. Ke4 Bg3 103. Qg8+ Kh3 104. b7 Kh2 105. Kf3 Kh1 106. Qh7+
Kg1 107. Qh3 {Black forfeits on time} 1-0

[Event "ICCopen2017"]
[Site "Internet Chess Club"]
[Date "2017.04.02"]
[Round "2"]
[White "DreadHead"]
[Black "chessrex"]
[Result "1-0"]
[ICCResult "Black forfeits on time"]
[WhiteElo "2470"]
[BlackElo "1916"]
[Opening "Nimzovich-Larsen attack: modern variation"]
[ECO "A01"]
[NIC "VO.08"]
[Time "19:16:16"]
[TimeControl "180+0"]

1. b3 e5 2. Bb2 d5 3. Bxe5 d4 4. e3 Nc6 5. Bb5 dxe3 6. fxe3 Bd7 7. Nf3 Nxe5
8. Be2 Nxf3+ 9. Bxf3 Bc6 10. Bxc6+ bxc6 11. O-O Nf6 12. Nc3 Bd6 13. Qf3 O-O
14. d4 Nd5 15. Ne4 Qe7 16. c4 Nxe3 17. Qxe3 f5 18. c5 fxe4 19. cxd6 cxd6 20.
Rfe1 d5 21. Rac1 Rf6 22. h3 Raf8 23. Kh2 Qd6+ 24. Qg3 Qxg3+ 25. Kxg3 Rg6+
26. Kh2 Rf2 27. Rg1 Rxa2 28. Rc3 Rd2 29. Rc5 h5 30. Ra5 Rxd4 31. Rxa7 Rd2
32. b4 Rb2 33. Rb7 d4 34. Rd7 Rxb4 35. Re7 e3 36. Re8+ Kh7 37. Re5 Kh6 38.
g4 Rb2+ 39. Kg3 Rb3 40. Kh4 hxg4 41. hxg4 Kh7 42. g5 Rb2 43. Re8 Rh2+ 44.
Kg4 e2 45. Rd8 c5 46. Ra1 Rg2+ 47. Kf3 R2xg5 48. Kxe2 Re5+ 49. Kd3 Rg3+ 50.
Kc4 Rc3+ 51. Kb5 d3 52. Rh1+ Kg6 53. Rg1+ Rg5 54. Rf1 Rb3+ 55. Kc4 Rb4+ 56.
Kc3 Rd4 57. Kd2 Rxd8 58. Re1 c4 59. Kc3 d2 60. Re6+ Kf7 61. Re4 Rd3+ 62.
Kxc4 {Black forfeits on time} 1-0

[Event "ICCopen2017"]
[Site "Internet Chess Club"]
[Date "2017.04.02"]
[Round "2"]
[White "Jaburu"]
[Black "nikenwidiartto"]
[Result "0-1"]
[ICCResult "White forfeits on time"]
[WhiteElo "1532"]
[BlackElo "1817"]
[Opening "Scandinavian gambit"]
[ECO "B13"]
[NIC "NI.04"]
[Time "19:16:36"]
[TimeControl "180+0"]

1. e4 d5 2. exd5 Nf6 3. c4 c6 4. d4 cxd5 5. Nf3 e6 6. Nc3 Bb4 7. Be2 O-O 8.
O-O dxc4 9. Bxc4 b6 10. Bg5 Bb7 11. Rc1 Nbd7 12. a3 Be7 13. Ba2 Ne4 14. Bxe7
Qxe7 15. Nxe4 Bxe4 16. Rc7 Rac8 17. Rxa7 Qd6 18. Re1 Nf6 19. Bb1 Bxf3 20.
Qxf3 Qxd4 21. b4 Rc3 22. Qd1 Qc4 23. h3 Rc8 24. Rb7 b5 25. f3 g6 26. Be4
Rxa3 27. Qe2 Qxe2 28. Rxe2 Rb3 29. Rxb5 Rc4 30. Rb8+ Kg7 31. b5 Rcb4 32. Bc6
Nd5 33. Bxd5 exd5 34. Rb7 Rxb5 35. Rd7 Rb7 {White forfeits on time} 0-1

[Event "ICCopen2017"]
[Site "Internet Chess Club"]
[Date "2017.04.02"]
[Round "2"]
[White "marjose"]
[Black "PaulieChessnut"]
[Result "1-0"]
[ICCResult "Black checkmated"]
[WhiteElo "1749"]
[BlackElo "1366"]
[Opening "Sicilian defense"]
[ECO "B40"]
[NIC "SI.43"]
[Time "19:17:02"]
[TimeControl "180+0"]

1. e4 c5 2. Nf3 e6 3. c4 g6 4. Nc3 Bg7 5. d4 d5 6. exd5 exd5 7. Nxd5 Ne7 8.
Bg5 Nbc6 9. Nxe7 Nxe7 10. Qd2 O-O 11. d5 f6 12. Bh4 Nf5 13. Bg3 Nxg3 14.
fxg3 Bg4 15. Be2 Re8 16. O-O Qd6 17. Rae1 Re7 18. Bd3 Rae8 19. Rxe7 Rxe7 20.
Re1 Bxf3 21. gxf3 f5 22. Rxe7 Qxe7 23. Kg2 Bd4 24. Qf4 Qe1 25. Qb8+ Kg7 26.
Qxb7+ Kh6 27. Bxf5 Qg1+ 28. Kh3 Kg5 29. f4+ Kxf5 30. Qd7+ Ke4 31. Qe6+ Kd3
32. d6 Qf1+ 33. Kh4 Qg1 34. h3 Qf2 35. d7 Qxb2 36. d8=Q Kc3 37. Qa5+ Kc2 38.
Qe2+ Kc1 39. Qae1# {Black checkmated} 1-0

[Event "ICCopen2017"]
[Site "Internet Chess Club"]
[Date "2017.04.02"]
[Round "2"]
[White "alejandrorios"]
[Black "Maxbet"]
[Result "1-0"]
[ICCResult "Black checkmated"]
[WhiteElo "2072"]
[BlackElo "2695"]
[Opening "Ruy Lopez: exchange, Keres variation"]
[ECO "C68"]
[NIC "RL.08"]
[Time "19:16:09"]
[TimeControl "180+0"]

1. e4 e5 2. Nf3 Nc6 3. Bb5 a6 4. Bxc6 dxc6 5. Nc3 f6 6. d4 exd4 7. Nxd4 c5
8. Nde2 Qxd1+ 9. Nxd1 Bd7 10. Bf4 O-O-O 11. Ne3 Ne7 12. Nc3 Bc6 13. Rd1 Rd4
14. f3 h5 15. Ke2 h4 16. h3 Rh5 17. Bh2 b5 18. Kf2 f5 19. exf5 Nxf5 20. Nxf5
Rxf5 21. Ne2 Ra4 22. a3 b4 23. Ra1 Kb7 24. Bf4 g5 25. Be3 Bg7 26. axb4 Rxb4
27. Rab1 Bxb2 28. c3 Rb6 29. Rhd1 Ba3 30. Rxb6+ cxb6 31. Ra1 Bb2 32. Ra2
Bxc3 33. Nxc3 b5 34. Ke2 b4 35. Ne4 Bxe4 36. fxe4 Re5 37. Kd3 Kb6 38. Rf2
Re6 39. Rf5 Kb5 40. Rxc5+ Ka4 41. Rxg5 b3 42. Bd4 Rd6 43. Rd5 Rg6 44. e5
Rg3+ 45. Kc4 Rxg2 46. Rd6 Rc2+ 47. Bc3 a5 48. Rd5 Rxc3+ 49. Kxc3 b2 50. Kxb2
Kb4 51. e6 Kc4 52. Rg5 Kd4 53. e7 a4 54. e8=Q a3+ 55. Kxa3 Kc4 56. Qh5 Kd3
57. Qxh4 Kc3 58. Rg3+ Kc2 59. Qf4 Kd1 60. Qf2 Kc1 61. Rg1# {Black
checkmated} 1-0

[Event "ICCopen2017"]
[Site "Internet Chess Club"]
[Date "2017.04.02"]
[Round "2"]
[White "Bojongrenged"]
[Black "Wilsonpalencia"]
[Result "0-1"]
[ICCResult "White forfeits on time"]
[WhiteElo "1695"]
[BlackElo "2557"]
[Opening "Anderssen's opening"]
[ECO "A00"]
[NIC "VO.14"]
[Time "19:15:56"]
[TimeControl "180+0"]

1. a3 d5 2. e4 dxe4 3. Nc3 Nf6 4. Qe2 c6 5. Nxe4 Nxe4 6. Qxe4 Nd7 7. c3 Nf6
8. Qc2 e5 9. Bc4 Bd6 10. Ne2 O-O 11. O-O Bg4 12. d4 Qc7 13. dxe5 Bxe5 14. f4
Bd6 15. h3 Bd7 16. Bd3 Rfe8 17. Ng3 h5 18. Bd2 c5 19. Nf5 Bf8 20. Rae1 c4
21. Be2 Qc5+ 22. Nd4 Ne4 23. Be3 Ng3 24. Rf3 h4 25. Ne6 Qc6 26. Ng5 Bf5 27.
Qd2 Rad8 28. Qc1 f6 29. Rxg3 hxg3 30. Nf3 Bc5 31. Nd4 Bxd4 32. Bxd4 Qe6 33.
Qd2 Bd3 34. Kf1 Bxe2+ 35. Rxe2 Qxe2+ 36. Qxe2 Rxe2 37. Kxe2 a6 38. Kf3 Re8
39. Kxg3 Re2 {White forfeits on time} 0-1

[Event "ICCopen2017"]
[Site "Internet Chess Club"]
[Date "2017.04.02"]
[Round "2"]
[White "lestri"]
[Black "BronStorm"]
[Result "1-0"]
[ICCResult "Black forfeits on time"]
[WhiteElo "2551"]
[BlackElo "1929"]
[Opening "English opening"]
[ECO "A21"]
[NIC "EO.22"]
[Time "19:16:42"]
[TimeControl "180+0"]

1. c4 e5 2. Nc3 d6 3. d4 exd4 4. Qxd4 Nc6 5. Qd2 g6 6. b3 Bg7 7. Bb2 Nge7 8.
g3 O-O 9. Nh3 Nf5 10. Nf4 Nfd4 11. Bg2 Ne7 12. e3 Ndf5 13. O-O c6 14. Rad1
Qc7 15. Ne4 d5 16. Bxg7 Kxg7 17. Qc3+ f6 18. cxd5 Qe5 19. d6 Nd5 20. Qxe5
fxe5 21. Nxd5 cxd5 22. Rxd5 Be6 23. Rxe5 Bf7 24. d7 Rad8 25. Rd1 b6 26. g4
Nh4 27. Re7 Kg8 28. Nd6 Nxg2 29. Kxg2 g5 30. Nb7 Bg6 31. Nxd8 Rxd8 32. Rd5
Kf8 33. Rde5 h6 34. Kg3 Bf7 35. f4 Bg6 36. h4 gxh4+ 37. Kxh4 Bf7 38. f5
{Black forfeits on time}
1-0

[Event "ICCopen2017"]
[Site "Internet Chess Club"]
[Date "2017.04.02"]
[Round "2"]
[White "Red-white"]
[Black "akibael"]
[Result "1-0"]
[ICCResult "Black forfeits on time"]
[WhiteElo "2935"]
[BlackElo "2163"]
[Opening "Réti opening"]
[ECO "A11"]
[NIC "QP.09"]
[Time "19:16:48"]
[TimeControl "180+0"]

1. Nf3 d5 2. c4 c6 3. e3 Nf6 4. Nc3 g6 5. d4 Bg7 6. Be2 O-O 7. O-O Ne4 8.
Qb3 Nxc3 9. bxc3 e6 10. Ba3 Re8 11. cxd5 exd5 12. c4 dxc4 13. Bxc4 Qc7 14.
Ng5 Be6 15. Bxe6 fxe6 16. Nxe6 Qb6 17. Nc7+ Qxb3 18. axb3 Na6 19. Nxa8 Rxa8
20. Rfd1 Nc7 21. Rac1 Nb5 22. Bb2 Rd8 23. Kf1 Kf7 24. Ke2 Nc7 25. Rc2 Nd5
26. g3 Nb4 27. Rcd2 b5 28. e4 Rd7 29. Bc3 Na6 30. Ra2 Nb8 31. b4 Bf8 32. d5
c5 33. bxc5 Bxc5 34. Rb2 Rb7 35. Rdb1 a6 36. e5 Ke7 37. Ra2 Rb6 38. Kd3 Nd7
39. Ke4 b4 40. Bd4 b3 41. Ra4 Bxd4 42. Kxd4 Rb5 43. Ra3 Nc5 44. f4 a5 45.
Kc4 {Black forfeits on time} 1-0

[Event "ICCopen2017"]
[Site "Internet Chess Club"]
[Date "2017.04.02"]
[Round "2"]
[White "Siryk"]
[Black "Eloist"]
[Result "0-1"]
[ICCResult "White forfeits on time"]
[WhiteElo "2785"]
[BlackElo "2158"]
[Opening "Queen's Indian: old main line, 9.Qxc3"]
[ECO "E19"]
[NIC "QI.12"]
[Time "19:16:20"]
[TimeControl "180+0"]

1. d4 e6 2. c4 Nf6 3. Nf3 b6 4. g3 Bb7 5. Bg2 Be7 6. O-O O-O 7. Nc3 Ne4 8.
Qc2 Nxc3 9. Qxc3 f5 10. Rd1 Bf6 11. b3 d6 12. Bb2 a5 13. Ne1 Bxg2 14. Nxg2
Nc6 15. Qc2 Qd7 16. d5 Nd8 17. dxe6 Nxe6 18. Bxf6 Rxf6 19. Ne3 f4 20. Nd5
Rf7 21. Rd3 Raf8 22. Rf1 Qd8 23. Rc3 f3 24. exf3 Nd4 25. Qd1 Nxf3+ 26. Kg2
Qg5 27. Qe2 Qh5 28. Rxf3 Rxf3 29. Qe6+ Kh8 30. Nxc7 R3f6 31. Qe4 Qf7 32. Nd5
Rxf2+ 33. Rxf2 Qxf2+ 34. Kh3 Qf1+ 35. Kh4 Qf2 36. Kh3 Qf1+ 37. Kh4 h6 38.
Ne3 g5+ 39. Kg4 Qe2+ 40. Kh3 Qh5+ 41. Kg2 Qf7 42. h4 Qg7
{White forfeits on time}
0-1

[Event "ICCopen2017"]
[Site "Internet Chess Club"]
[Date "2017.04.02"]
[Round "2"]
[White "StaggerLee"]
[Black "Nathan-L"]
[Result "0-1"]
[ICCResult "White forfeits on time"]
[WhiteElo "1390"]
[BlackElo "1730"]
[Opening "Robatsch (modern) defense"]
[ECO "B06"]
[NIC "KF.05"]
[Time "19:16:19"]
[TimeControl "180+0"]

1. e4 g6 2. d4 Bg7 3. Nc3 d6 4. Bc4 Nf6 5. Qe2 O-O 6. e5 dxe5 7. dxe5 Nfd7
8. e6 Ne5 9. exf7+ Nxf7 10. Nf3 Kh8 11. O-O e5 12. Be3 Nc6 13. Rad1 Qe7 14.
Nd5 Qd6 15. Nb6 Qb4 16. Nxa8 Bf5 17. Nxc7 Qxb2 18. Bb3 Qa3 19. Nb5 Qe7 20.
Nxa7 e4 21. Nxc6 exf3 22. Qxf3 bxc6 23. Qxc6 Ne5 24. Qd5 Qh4 25. g3 Qh3 26.
Bd4 Ng4 27. Bxg7+ Kxg7 28. Qg2 Qh5 29. f3 Ne3 30. g4 Nxg2 31. gxh5 Ne3 32.
Rfe1 Nxd1 33. Rxd1 gxh5 34. Rd5 Bg6 35. Rg5 Kh6 36. Rc5 Rxf3 37. Kg2 Re3 38.
Kf2 Re7 39. Rc6 Ra7 40. Ke3 Ra3 41. Kd4 Ra7 42. Ke5 Ra5+ 43. Rc5 Rxc5+ 44.
Kd4 Rf5 45. Ke3 Rf1 46. Kd4 Rh1 47. Kc5 Rxh2 48. Kc6 Rh3 49. Kd7 Rh4 50. Kc7
Rg4 51. Kb7 Rf4 52. Kc8 Rf5 53. Kb8 Rf6 {White forfeits on time} 0-1

[Event "ICCopen2017"]
[Site "Internet Chess Club"]
[Date "2017.04.02"]
[Round "2"]
[White "ziggyalbert"]
[Black "GideonL"]
[Result "0-1"]
[ICCResult "White checkmated"]
[WhiteElo "1267"]
[BlackElo "1634"]
[Opening "English: symmetrical variation"]
[ECO "A34"]
[NIC "EO.64"]
[Time "19:16:35"]
[TimeControl "180+0"]

1. c4 c5 2. Nc3 Nf6 3. g3 Nc6 4. Bg2 d6 5. Nf3 g6 6. O-O Bg7 7. d3 O-O 8.
Be3 Bg4 9. Qd2 Bxf3 10. Bxf3 Rb8 11. Bh6 Ne5 12. Bg2 a6 13. Bxg7 Kxg7 14.
Nd5 Nxd5 15. Bxd5 e6 16. Bg2 b5 17. b3 Nd7 18. Rab1 bxc4 19. bxc4 Nf6 20.
Qc3 Qc7 21. a4 a5 22. e4 Rb4 23. Rxb4 cxb4 24. Qb3 Qc5 25. Rd1 e5 26. Qb2
Nd7 27. Bh3 Nb6 28. Qb3 Qc6 29. Ra1 f5 30. exf5 gxf5 31. Bg2 Qc5 32. Qd1 Qd4
33. Bc6 b3 34. Rb1 b2 35. Qc2 Rc8 36. Bb5 d5 37. Rxb2 dxc4 38. dxc4 Nxc4 39.
Bxc4 Rxc4 40. Rb7+ Kg6 41. Qb1 Rc6 42. Rb6 Rxb6 43. Qc1 Qxa4 44. Qc2 Qxc2
45. Kg2 Rb2 46. Kh3 Qxf2 47. Kh4 Qxh2# {White checkmated} 0-1

[Event "ICCopen2017"]
[Site "Internet Chess Club"]
[Date "2017.04.02"]
[Round "2"]
[White "Mohammadmin"]
[Black "Neurisdr"]
[Result "1-0"]
[ICCResult "Black forfeits on time"]
[WhiteElo "2180"]
[BlackElo "2921"]
[Opening "Réti: King's Indian attack, Spassky's variation"]
[ECO "A05"]
[NIC "QP.11"]
[Time "19:16:13"]
[TimeControl "180+0"]

1. Nf3 Nf6 2. g3 b5 3. Bg2 Bb7 4. O-O c5 5. Na3 a6 6. c4 bxc4 7. Nxc4 g6 8.
b3 Bg7 9. Bb2 O-O 10. Rc1 d6 11. d4 cxd4 12. Nxd4 Bxg2 13. Kxg2 Qd7 14. Na5
Ra7 15. Qd3 Rc7 16. Kg1 e5 17. Nc2 e4 18. Qd2 Rc5 19. Nc4 Rh5 20. h4 d5 21.
N4e3 Qh3 22. Bxf6 Bxf6 23. Nxd5 Bxh4 24. Nf4 Qg4 25. Nxh5 Qxh5 26. Ne3 Bg5
27. Qd5 Qh6 28. Qxe4 Nd7 29. Rc7 Nf6 30. Qf3 Qh3 31. Rfc1 Bxe3 32. fxe3 Ng4
33. Qg2 Qh6 34. Qf3 Qh2+ 35. Kf1 Qh3+ 36. Ke1 Ne5 37. Qf4 Re8 38. Kd2 Qe6
39. Kc2 Ng4 40. Kb1 Nxe3 41. R1c6 Qf5+ 42. Qxf5 Nxf5 43. Rxa6 Nxg3 44. Raa7
Rf8 45. e3 h5 46. b4 h4 47. b5 h3 48. Rc2 Nf5 49. Rh2 Nxe3 50. Rxh3 Nd5 51.
Rd3 Nb4 52. Rb3 Nd5 53. b6 Kg7 54. b7 Nf6 55. Ra8 Nd7 56. Rxf8 Kxf8 57. Rd3
Nb8 58. Rd8+ Ke7 59. Rxb8 {Black forfeits on time} 1-0

[Event "ICCopen2017"]
[Site "Internet Chess Club"]
[Date "2017.04.02"]
[Round "2"]
[White "Salvatore"]
[Black "SasaMike"]
[Result "1-0"]
[ICCResult "Black forfeits on time"]
[WhiteElo "1460"]
[BlackElo "1719"]
[Opening "Two knights defense (Modern bishop's opening)"]
[ECO "C55"]
[NIC "IG.01"]
[Time "19:16:12"]
[TimeControl "180+0"]

1. e4 e5 2. Nf3 Nc6 3. Bc4 Nf6 4. d3 Be7 5. O-O d6 6. a3 Bg4 7. Nbd2 O-O 8.
c3 a6 9. Qc2 d5 10. exd5 Nxd5 11. d4 exd4 12. Nxd4 Nxd4 13. cxd4 Nf4 14. f3
Qxd4+ 15. Kh1 Bh5 16. Nb3 Qf6 17. Bxf4 Qxf4 18. Qe4 Qxe4 19. fxe4 Bd6 20.
Rae1 Rae8 21. Nd4 Bg6 22. Nf5 Bxf5 23. exf5 Be5 24. b4 c6 25. a4 Kh8 26. b5
axb5 27. axb5 f6 28. Be6 cxb5 29. Rb1 Rd8 30. Rxb5 Rb8 31. Rfb1 Rfd8 32. g3
h6 33. Rxb7 Rxb7 34. Rxb7 Kh7 35. Rd7 Rb8 36. Kg2 Rb2+ 37. Kh3 h5 38. Rd8
Kh6 39. Rh8+ Kg5 40. Rh7 g6 41. Rg7 Kh6 42. Rxg6+ Kh7 43. Bg8+ Kh8 44. Be6
Kh7 45. Rg8 Rb6 46. Re8 Kg7 47. Re7+ Kh6 48. Rf7 Rb4 49. Rf8 h4 50. Rh8+ Kg5
51. Rg8+ Kh6 52. Rh8+ Kg7 53. Rxh4 Rxh4+ 54. Kxh4 Kh6 55. h3 Bd6 56. g4 Bf4
57. Bd7 Be5 58. Be8 Bf4 59. Bg6 Bg5+ 60. Kg3 Be3 61. Kf3 Bg5 62. Ke4 Bh4 63.
Kd5 Kg5 64. Ke6 Bg3 65. Kf7 Bf2 66. h4+ Bxh4 67. Bh5 Kf4 68. Kg7 Kg5 69. Kh7
Bg3 70. Kg8 Be5 71. Kf7 Bd4 72. Bg6 Bc3 73. Bh5 Bb2 74. Ke6 Bc3 75. Kd5
{Black forfeits on time}
1-0